 Dungeon Crawl Stone Soup version 0.28.0 (webtiles) character file.

Game seed: 918600092840280445

2641 RascalDebosk the Cudgeller (level 9, -4/84 HPs)
             Began as a Troll Fighter on Jan 31, 2022.
             Was an Initiate of Gozag.
             Killed from afar by a gargoyle (27 damage)
             ... with a stone arrow
             ... on level 7 of the Dungeon on Feb 6, 2022.
             The game lasted 01:33:11 (4544 turns).

RascalDebosk the Cudgeller (Troll Fighter)          Turns: 4544, Time: 01:33:12

Health: -4/84      AC: 11    Str: 28    XL:     9   Next: 35%
Magic:  8/8        EV:  9    Int:  4    God:    Gozag
Gold:   541        SH:  8    Dex: 11    Spells: 8/8 levels left

rFire   . . .      SeeInvis .   t - +2 hand axe (venom)
rCold   . . .      Faith    .   c - +0 kite shield
rNeg    . . .      Spirit   .   b - +1 robe
rPois   +          Reflect  .   (helmet restricted)
rElec   .          Harm     .   q - +1 cloak {rPois}
rCorr   .          Rampage  .   (gloves unavailable)
Will    +....                   (boots unavailable)
Stlth   +.........              (no amulet)
HPRegen 1.04/turn               l - +4 ring of protection
MPRegen 0.11/turn               v - ring of willpower

@: gold aura
A: large, unfitting armour, claws 3, regeneration 1, shaggy fur 1, tough skin 1
a: Renounce Religion, Potion Petition, Call Merchant, Bribe Branch


You were on level 7 of the Dungeon.
You worshipped Gozag.
Gozag was pleased with you.
You visited 2 branches of the dungeon, and saw 8 of its levels.

You collected 581 gold pieces.
You paid 40 gold pieces to Gozag.

Inventory:

Hand Weapons
 a - a +0 flail
 p - a +3 trident of protection
 t - a +2 hand axe of venom (weapon)
Missiles
 i - 140 stones (quivered)
 u - 2 poisoned darts
Armour
 b - a +1 robe (worn)
 c - a +0 kite shield (worn)
 q - a +1 cloak of poison resistance (worn)
Jewellery
 l - a +4 ring of protection (left claw)
 v - a ring of willpower (right claw)
Wands
 e - a wand of digging (3)
 h - a wand of iceblast (8)
 w - a wand of acid (11)
Scrolls
 k - a scroll of blinking
 m - a scroll of teleportation
 s - a scroll of immolation
Potions
 d - a potion of might
 f - 2 potions of lignification
 g - a potion of attraction {unknown}
 j - 2 potions of curing
 n - a potion of berserk rage {unknown}
 o - 3 potions of mutation
 r - a potion of haste {unknown}


   Skills:
 + Level 4.3 Fighting
 * Level 5.6 Maces & Flails
 * Level 5.3 Throwing
 + Level 3.2 Armour
 + Level 4.3 Dodging
 + Level 4.3 Shields
 + Level 3.0 Evocations


You had 8 spell levels left.
You didn't know any spells.
Your spell library was empty.

Dungeon Overview and Level Annotations

Branches:
Dungeon (7/15)             Temple (1/1) D:4

Altars:
Ashenzari
Cheibriados
Elyvilon
Fedhas
Gozag
Hepliaklqana
Kikubaaqudgha
Makhleb
Okawaru
Qazlal
Sif Muna
Trog
Uskayaw
Vehumet
Wu Jian
Yredelemnul
Zin
The Shining One


Innate Abilities, Weirdness & Mutations

You are too large for most types of armour.
You have claws for hands.
Your natural rate of healing is unusually fast.
You are covered in fur. (AC +1)
You have tough skin. (AC +1)


Message History

The troll barely misses you. The troll claws you but does no damage.
The troll claws you. The troll barely misses you.
You block the troll's attack. x2
You hit the troll but do no damage.
The troll looks as sick as possible!
The troll is severely wounded.
You block the troll's attack. The troll claws you. The troll barely misses you.
You hit the troll.
The troll looks as sick as possible!
The troll is severely wounded.
You block the troll's attack. x2; The troll claws you but does no damage.
You hit the troll.
The troll is almost dead.
You kill the troll!
Your Evocations skill increases to level 3!
You now have 541 gold pieces (gained 23).
Things that are here:
a +0 long sword; a +0 chain mail You start resting.
A gargoyle comes into view. It is wielding a +0 mace.
Things that are here:
a +0 long sword; a +0 chain mail The gargoyle hurls a stone arrow at you.
The stone arrow hits you!
You hit the gargoyle but do no damage.
The gargoyle hits you but does no damage.
You hit the gargoyle but do no damage. The gargoyle closely misses you.
You hit the gargoyle but do no damage. The gargoyle barely misses you.
You barely miss the gargoyle. You block the gargoyle's attack. x2
You hit the gargoyle but do no damage. The gargoyle hits you with a +0 mace!
You hit the gargoyle but do no damage. You block the gargoyle's attack.
You barely miss the gargoyle. The gargoyle hits you with a +0 mace!
* * * LOW HITPOINT WARNING * * *
You barely miss the gargoyle.
The gargoyle hits you but does no damage.
You block the gargoyle's attack.
You hit the gargoyle but do no damage. The gargoyle hits you with a +0 mace.
* * * LOW HITPOINT WARNING * * *
You hit the gargoyle but do no damage.
The gargoyle hurls a stone arrow at you.
The stone arrow hits you!!
You die...
Your body crumbles into a pile of gold.

# .# # #. #.#. $
#.9#### #@#.# ##.#
####)## . # ##.....#
.## ###.#....#.# ..
....#.#.#..### #
#.........###+# #
##.#.#..#..#...###
###
##...#....+.8...###..


You could see a gargoyle.

Vanquished Creatures
  A troll (D:7)
  3 yaks (D:5)
  3 water moccasins
  An orc warrior (D:7)
  An ice beast (D:6)
  A necrophage (D:6)
  3 ogres
  2 phantoms
  A bullfrog (D:5)
  3 scorpions
  A water moccasin skeleton (D:6)
  2 centaur zombies
  A bullfrog skeleton (D:4)
  An orc priest (D:3)
  A bullfrog zombie (D:6)
  4 jellies
  A gnoll shaman (D:6)
  Crazy Yiuf (D:2)
  3 iguanas (D:6)
  Natasha (thrice) (D:3)
  An orc wizard (D:4)
  8 adders
  3 gnolls (D:3)
  3 white imps
  An adder skeleton (D:4)
  2 dart slugs (D:1)
  17 orcs
  5 ball pythons
  3 endoplasms (D:1)
  A giant cockroach (D:2)
  7 goblins
  5 hobgoblins
  3 jackals (D:3)
  4 kobolds
  6 quokkas
  3 bats
  2 frilled lizards
  A goblin skeleton (D:4)
  A goblin zombie (D:4)
  A hobgoblin zombie (D:4)
  3 kobold skeletons (D:4)
  A kobold zombie (D:4)
  3 orc zombies (D:4)
  4 rats
  A spectral orc (D:5)
  A toadstool (D:1)
127 creatures vanquished.

Vanquished Creatures (others)
  A rat (D:3)
  4 toadstools (D:1)
5 creatures vanquished.

Grand Total: 132 creatures vanquished

Notes
Turn   | Place    | Note
-------+----------+-------------------------------------------
     0 | D:1      | RascalDebosk the Troll Fighter began the quest for the Orb.
     0 | D:1      | Reached XP level 1. HP: 22/22 MP: 0/0
   196 | D:1      | Reached XP level 2. HP: 28/29 MP: 1/1
   587 | D:2      | Reached skill level 1 in Throwing
   587 | D:2      | Reached XP level 3. HP: 27/36 MP: 2/2
   920 | D:2      | Found a runed translucent door.
   921 | D:2      | Noticed Crazy Yiuf
   929 | D:2      | Killed Crazy Yiuf
   930 | D:2      | Reached XP level 4. HP: 43/44 MP: 3/3
  1114 | D:3      | Reached skill level 1 in Evocations
  1115 | D:3      | Upgraded the game from 0.28-b1-1-g3c77fb2ed1 to
                  | 0.28-b1-25-g9875b3fc8c
  1164 | D:3      | Reached XP level 5. HP: 35/50 MP: 4/4
  1252 | D:3      | Found a stormy altar of Qazlal.
  1280 | D:3      | Noticed Natasha
  1296 | D:3      | Killed Natasha
  1297 | D:3      | Reached skill level 1 in Armour
  1475 | D:3      | Noticed Natasha
  1484 | D:3      | Killed Natasha
  1884 | D:3      | Noticed Natasha
  1890 | D:3      | Killed Natasha
  1891 | D:3      | Reached XP level 6. HP: 51/59 MP: 5/5
  2094 | D:4      | Identified the +4 long sword of Ru's Inspiration {freeze,
                  | *Noise rF+++ rN+ Str+3}
  2105 | D:4      | Identified the +8 long sword "Guaf" {holy, rF+ Will++
                  | Int-5}
  2202 | D:4      | Found a staircase to the Ecumenical Temple.
  2212 | D:4      | Reached XP level 7. HP: 61/67 MP: 6/6
  2222 | Temple   | Entered the Ecumenical Temple
  2396 | Temple   | Became a worshipper of Gozag Ym Sagoz the Greedy
  2484 | D:4      | Found a glowing golden altar of the Shining One.
  2739 | D:5      | Entered Level 5 of the Dungeon
  2740 | D:5      | Noticed a yak
  2741 | D:5      | Noticed a yak
  2741 | D:5      | Noticed a yak
  2751 | D:5      | Killed a yak
  2756 | D:5      | Killed a yak
  2758 | D:5      | Killed a yak
  2759 | D:5      | Reached XP level 8. HP: 27/75 MP: 7/7
  2871 | D:5      | Noticed a +0 hand axe
  2872 | D:5      | Noticed a +0 dagger
  2875 | D:5      | Found a hide-covered altar of Uskayaw.
  3233 | D:5      | Found a basalt altar of Yredelemnul.
  3282 | D:6      | Upgraded the game from 0.28-b1-25-g9875b3fc8c to 0.28.0
  3554 | D:6      | Found a bloodstained altar of Trog.
  3696 | D:6      | Identified the +2 leather armour "Tad Xafy" {rN+ Dex+6}
  3866 | D:6      | Reached skill level 5 in Maces & Flails
  3895 | D:6      | Reached XP level 9. HP: 43/84 MP: 8/8
  3944 | D:6      | Reached skill level 5 in Throwing
  4505 | D:7      | Noticed a troll
  4525 | D:7      | Killed a troll
  4531 | D:7      | Noticed a gargoyle
  4544 | D:7      | Killed from afar by a gargoyle

Illustrated notes

Levels and vault maps discovered:
D:1:      ldierk_walled_garden, layout_rooms
D:2:      layout_rooms, uniq_crazy_yiuf_cottage
D:3:      layout_basic, grunt_qazlal_clouds, nicolae_figureground_pulse,
          uniq_natasha
D:4:      layout_rooms, nicolae_tso_besieged_by_evil, minmay_temple_entry_mist
D:5:      layout_rooms, dancing_weapons_uskayaw,
          yredelemnul_forgotten_temple_becter
D:6:      minmay_recursive_quarters, layout_cave_pods,
          mainiacjoe_overflow_24_doors
D:7:      minmay_cornered_nines, layout_loops_ring,
          lemuel_coloured_pillars_altar, nicolae_overflow_crystal_walls,
          grunt_ministairs_13, nicolae_concentric_dashed_squares_wild
Temple:   dshaligram_water_room_temple

Skill      XL: |  1  2  3  4  5  6  7  8  9 |
---------------+----------------------------+-----
Maces & Flails | 2 3 4 5 |  5.6
Throwing       | 1 2 3 4 5 |  5.3
Evocations     | 1 2 3 |  3.0
Armour         | 1 2 3 |  3.2
Dodging        | 3 4 |  4.3
Shields        | 3 4 |  4.3
Fighting       | 3 4 |  4.3

Action                   |  1- 3 |  4- 6 |  7- 9 || total
-------------------------+-------+-------+-------++-------
Melee: Flail             |   149 |    45 |       ||   194
       Hand axe          |       |   106 |   218 ||   324
       Trident           |       |       |     9 ||     9
Throw: Stone             |    19 |       |    15 ||    34
       Boomerang         |       |    29 |     3 ||    32
Evoke: Wand              |       |       |     2 ||     2
  Use: Scroll            |       |     8 |     4 ||    12
Armor: Robe              |    75 |    77 |    91 ||   243
Dodge: Dodged            |    65 |    54 |   114 ||   233
Block: Kite shield       |    64 |    66 |   118 ||   248
